 Dungeon Crawl Stone Soup version 0.27-a0-1256-gced786f65e (webtiles) character file.

Game seed: 182157125164595886

3430 avis the Cleaver (level 10, 0/92 HPs)
             Began as a Hill Orc Monk on June 11, 2021.
             Was a Believer of Beogh.
             Slain by Duvessa
             ... wielding a +0 rapier
              (9 damage)
             ... on level 7 of the Dungeon.
             The game lasted 00:51:57 (10732 turns).

avis the Cleaver (Hill Orc Monk)                   Turns: 10732, Time: 00:51:57

Health: 0/92       AC: 13    Str: 24    XL:     10   Next: 5%
Magic:  10/10      EV:  9    Int: 10    God:    Beogh [**....]
Gold:   423        SH:  0    Dex: 13    Spells: 9/9 levels left

rFire    . . .     SeeInvis .   w - +3 executioner's axe
rCold    . . .     Faith    .   (shield currently unavailable)
rNeg     . . .     Spirit   .   D - +0 chain mail
rPois    .         Reflect  .   (no helmet)
rElec    .         Harm     .   (no cloak)
rCorr    .         Rampage  .   (no gloves)
Will     +....                  s - +2 pair of boots
Stlth    ..........             C - amulet of regeneration
HPRegen  1.25/turn              c - ring of willpower
MPRegen  0.12/turn              p - +6 ring of strength

@: studying Polearms
A: no striking features
a: Renounce Religion, Smiting


You were on level 7 of the Dungeon.
You worshipped Beogh.
Beogh was pleased with you.
You visited 2 branches of the dungeon, and saw 8 of its levels.
You also visited: Sewer.

You collected 423 gold pieces.

Inventory:

Hand Weapons
 a - a +0 hand axe of flaming
 b - a +0 fustibalus
 h - a +0 spear
 m - a +0 trident
 w - a +3 executioner's axe (weapon)
 z - a +2 shortbow of freezing
 B - a +0 war axe
 H - a +2 flail of protection
 L - a +0 spear of venom
 O - a +1 flail of draining
Missiles
 j - 78 stones
 v - 3 throwing nets
 y - 75 arrows
 F - 8 boomerangs
 I - a poisoned dart (quivered)
Armour
 s - a +2 pair of boots (worn)
 A - a +3 leather armour
 D - a +0 chain mail (worn)
 G - a +0 scale mail
Jewellery
 c - a ring of willpower (left hand)
 d - a ring of see invisible
 p - a +6 ring of strength (right hand)
 r - a +6 ring of intelligence
 C - an amulet of regeneration (around neck)
Wands
 k - a wand of flame (22)
 E - a wand of polymorph (11)
 M - a wand of digging (5)
Scrolls
 e - 3 scrolls of teleportation
 f - a scroll of noise {unknown}
 o - 3 scrolls of amnesia {unknown}
 q - a scroll of blinking {unknown}
 N - 3 scrolls of magic mapping {unknown}
Potions
 g - 2 potions of brilliance
 i - 2 potions of might
 l - a potion of heal wounds {unknown}
 n - a potion of resistance
 t - 2 potions of attraction
 u - a potion of curing
 x - a potion of lignification {unknown}
 J - a potion of degeneration {unknown}
 P - 2 potions of magic


   Skills:
 + Level 9.7 Fighting
 * Level 13.9 Axes
 - Level 5.0 Armour
 - Level 2.4 Dodging
 - Level 1.5 Stealth


You had 9 spell levels left.
You didn't know any spells.
Your spell library contained the following spells:

 Spells                   Type           Power      Damage    Failure   Level
 Foxfire                  Conj/Fire      0%         2x1d4     95%         1
 Confusing Touch          Hex            0%         N/A       100%        3
 Conjure Flame            Conj/Fire      0%         6-21      100%        3
 Gell's Gravitas          Tloc           0%         N/A       100%        3
 Inner Flame              Hex/Fire       0%         N/A       100%        3
 Petrify                  Tmut/Erth      0%         N/A       100%        4
 Sticky Flame             Conj/Fire      0%         2d3       100%        4
 Fireball                 Conj/Fire      0%         3d3       100%        5
 Metabolic Englaciation   Hex/Ice        0%         N/A       100%        5
 Yara's Violent Unravell  Hex/Tmut       0%         3d3       100%        5


Dungeon Overview and Level Annotations

Branches:
Dungeon (7/15)             Temple (1/1) D:5           Sewer (visited)

Altars:
Cheibriados
Wu Jian
Zin

Annotations:
D:5 Gold in glass case
D:6 1 runed translucent door, Orlauf's ghost, novice DsGl
D:7 Duvessa


Message History

Throw: 2 darts (poison)
Press: ? - help, Q - select action, (/) - cycle Shift-Dir - straight line, f/p - Duvessa
Aim: Duvessa, wielding a +0 rapier and wearing a +0 leather armour (lightly wounded, berserk, poisoned, 65% to hit)
You throw a poisoned dart.
The poisoned dart closely misses Duvessa.
You hit Duvessa.
Duvessa is lightly wounded.
Duvessa hits you with a +0 rapier! x2
You slice Duvessa!!
Duvessa is heavily wounded.
Duvessa hits you with a +0 rapier! x2
You slice Duvessa!!
Duvessa is almost dead.
Duvessa hits you with a +0 rapier! Duvessa hits you with a +0 rapier.
You barely miss Duvessa.
Duvessa is almost dead.
Duvessa looks more healthy.
Duvessa barely misses you. Duvessa closely misses you.
You hit Duvessa.
Duvessa is almost dead.
Duvessa hits you with a +0 rapier! Duvessa hits you with a +0 rapier.
You barely miss Duvessa.
Duvessa is almost dead.
Duvessa hits you with a +0 rapier. x2
You closely miss Duvessa.
Duvessa is almost dead.
Duvessa hits you with a +0 rapier!
* * * LOW HITPOINT WARNING * * *
Duvessa hits you with a +0 rapier.
* * * LOW HITPOINT WARNING * * *
You completely miss Duvessa.
Duvessa is almost dead.
Duvessa closely misses you. Duvessa hits you with a +0 rapier!
* * * LOW HITPOINT WARNING * * *
Okay, then.
Okay, then.
You hit Duvessa.
Duvessa is almost dead.
Duvessa hits you but does no damage. Duvessa hits you with a +0 rapier!
You die...

#.###.# ########.#...###
#..........<<..######
#........###[#.#.....
#............#.#.....
.............#.#.....
#.#.....#.###.###...
...###(#.##..#...........
.(.....e@................
.((....#.#..#...##.#....#
#..#...#.#.......#.#.#...
. #...#...##.#..#.#.#.#.
#...##.....#....#...#.
.### #.....###.######. #.
#.....+........#. #
#.....###......#. #.....#
##.....+.


You could see Duvessa (berserk).

Vanquished Creatures
  A troll (D:6)
  A wyvern (D:7)
  Sigmund (D:2)
  2 water moccasins
  An orc warrior (D:7)
  2 sky beasts (D:6)
  3 necrophages (D:5)
  2 centaurs (D:4)
  2 ogres
  A phantom (D:6)
  A kobold brigand (D:7)
  3 bullfrogs
  A wyvern zombie (D:6)
  A gnoll sergeant (D:4)
  3 scorpions
  Dowan (D:7)
  2 howler monkeys
  6 hounds
  A bullfrog zombie (D:6)
  A gnoll shaman (D:4)
  2 bullfrog skeletons
  4 iguanas
  A centaur skeleton (D:6)
  3 orc wizards
  A scorpion zombie (D:4)
  Terence (D:2)
  A hound zombie (D:5)
  2 howler monkey zombies
  19 gnolls
  12 adders
  An ufetubus (D:5)
  2 dart slugs
  37 orcs
  6 bats
  17 endoplasms
  20 giant cockroaches
  3 hobgoblins
  21 jackals
  8 kobolds
  16 quokkas
  19 ball pythons
  14 frilled lizards
  10 goblins
  4 rats
260 creatures vanquished.

Vanquished Creatures (others)
  An orc priest (D:5)
  An orc (D:5)
  A fungus (D:4)
  2 plants (D:4)
5 creatures vanquished.

Grand Total: 265 creatures vanquished

Notes
Turn   | Place    | Note
-------+----------+-------------------------------------------
     0 | D:1      | avis the Hill Orc Monk began the quest for the Orb.
     0 | D:1      | Reached XP level 1. HP: 19/19 MP: 1/1
   174 | D:1      | Reached XP level 2. HP: 27/27 MP: 2/2
   515 | D:1      | Reached skill level 1 in Armour
   963 | D:1      | Reached XP level 3. HP: 33/33 MP: 3/3
   986 | D:2      | Found a snail-covered altar of Cheibriados.
  1060 | D:2      | Noticed Sigmund
  1183 | D:2      | Reached skill level 5 in Axes
  1763 | D:2      | Noticed Terence
  1816 | D:3      | Reached XP level 4. HP: 40/40 MP: 4/4
  2530 | D:2      | Reached XP level 5. HP: 47/47 MP: 5/5
  2548 | D:3      | Reached skill level 6 in Axes
  3225 | D:3      | Noticed a water moccasin
  3237 | D:3      | Killed a water moccasin
  3238 | D:3      | Reached skill level 5 in Fighting
  3238 | D:3      | Reached skill level 7 in Axes
  3238 | D:3      | Reached XP level 6. HP: 10/56 MP: 6/6
  3243 | D:3      | HP: 4/84 [poisoned by a water moccasin]
  3246 | D:3      | HP: 1/56 [poisoned by a water moccasin]
  4018 | D:2      | Killed Sigmund
  4019 | D:2      | Reached skill level 8 in Axes
  4019 | D:2      | Reached XP level 7. HP: 50/62 MP: 7/7
  4296 | D:2      | Killed Terence
  4693 | D:4      | Found a glowing drain.
  4728 | Sewer    | Entered a sewer
  5352 | D:4      | Reached skill level 9 in Axes
  5355 | D:4      | Reached XP level 8. HP: 43/71 MP: 8/8
  6542 | D:4      | Reached skill level 5 in Armour
  6684 | D:4      | Reached skill level 10 in Axes
  7971 | D:5      | Entered Level 5 of the Dungeon
  8192 | D:5      | Reached skill level 11 in Axes
  8210 | D:5      | Reached XP level 9. HP: 63/80 MP: 9/9
  8598 | D:5      | Became a worshipper of Beogh the Brigand
  8598 | D:5      | Reached * piety under Beogh
  8598 | D:5      | Reached ** piety under Beogh
  8754 | D:5      | Found a staircase to the Ecumenical Temple.
  8758 | Temple   | Entered the Ecumenical Temple
  8904 | D:5      | Reached skill level 12 in Axes
  9164 | D:6      | Found a runed translucent door.
  9581 | D:6      | Noticed a troll
  9592 | D:6      | Killed a troll
  9834 | D:6      | Noticed Orlauf's ghost (novice DsGl)
 10002 | D:6      | Reached skill level 13 in Axes
 10132 | D:6      | Noticed a two-headed ogre
 10569 | D:7      | Reached XP level 10. HP: 68/91 MP: 10/10
 10663 | D:7      | Noticed Dowan
 10663 | D:7      | Noticed Duvessa
 10705 | D:7      | Killed Dowan
 10732 | D:7      | Slain by Duvessa

Illustrated notes

Levels and vault maps discovered:
D:1:      ebering_trefoil_twist, layout_loops_ring, amethyst_killhole
D:2:      layout_basic, basic_altar, kennysheep_small_spiral,
          minmay_tetromino_i4, uniq_sigmund, uniq_terence
D:3:      layout_loops_ring, hangedman_abyss_or_decor_lesser_grid
D:4:      lemuel_castle_with_subvaults [lemuel_castle_interior_original],
          layout_basic, portal_sewer_entry_f, minmay_misc_feat_doors,
          minmay_manual_mares
D:5:      layout_loops_ring, temple_hall_moat, moated_statue,
          nrook_mini_backslash, item_on_display_a
D:6:      layout_rooms, ebering_ghost_inner_flame, serial_glass,
          glass_columns_c, glass_columns_b, glass_columns_a, glass_columns_b,
          grunt_ministairs_15
D:7:      layout_basic, serial_shops, kennysheep_mini_moat, wad_floor_pattern_2,
          uniq_joseph, uniq_duvessa
Temple:   minmay_crystal_snake_temple

Skill      XL: |  1  2  3  4  5  6  7  8  9 |
---------------+----------------------------+-----
Armour         | 1 2 3 4 5 |  5.0
Fighting       | 4 5 6 7 9 |  9.7
Axes           | 5 7 8 9 11 13 | 13.9
Dodging        | |  2.4
Stealth        | |  1.5

Action                   |  1- 3 |  4- 6 |  7- 9 | 10-12 || total
-------------------------+-------+-------+-------+-------++-------
Melee: Hand axe          |   106 |    16 |   408 |     7 ||   537
       Flail             |       |   110 |   152 |       ||   262
       Executioner's axe |       |       |       |    12 ||    12
 Fire: Fustibalus        |       |       |    73 |       ||    73
Throw: Dart              |       |       |       |     4 ||     4
Invok: Convert to Beogh  |       |       |     1 |       ||     1
  Use: Scroll            |       |     4 |     8 |     3 ||    15
       Potion            |       |     1 |     2 |       ||     3
 Stab: Sleeping          |     5 |     2 |       |       ||     7
Armor: Robe              |     2 |       |       |       ||     2
       Leather armour    |    17 |    19 |       |       ||    36
       Ring mail         |       |    24 |    98 |       ||   122
       Scale mail        |       |       |    62 |       ||    62
       Skin              |       |       |     8 |       ||     8
       Chain mail        |       |       |       |    11 ||    11
Dodge: Dodged            |    60 |    67 |   284 |     8 ||   419

Table legend: (Time is in decaauts)
 A = Elapsed time spent in this place.
 B = Non-inter-level travel time spent in this place.
 C = Inter-level travel time spent in this place.
 D = Time resting spent in this place.
 E = Time spent auto-exploring this place.
 F = Levels seen in this place.
 G = Mean time per level.
                   A        B        C        D        E       F      G
               +--------+--------+--------+--------+--------+-----+--------+
         Total |  10801 |  10365 |    436 |   3652 |   2802 |   9 | 1200.1 |
       Dungeon |  10143 |   9707 |    436 |   3538 |   2802 |   7 | 1449.0 |
        Temple |     17 |     17 |      0 |      0 |      0 |   1 |   17.0 |
         Sewer |    641 |    641 |      0 |    114 |      0 |   1 |  641.0 |
               +--------+--------+--------+--------+--------+-----+--------+

Top non-repeatable levels by time:
     D:4: 2651 daAuts
     D:2: 2108 daAuts
     D:3: 1682 daAuts
     D:5: 1572 daAuts
     D:1: 1072 daAuts
     D:6: 707 daAuts
   Sewer: 641 daAuts
     D:7: 348 daAuts
  Temple: 17 daAuts
